 Dungeon Crawl Stone Soup version 0.30-a0-177-g1cb5dbfd7a (webtiles) character file.

Game seed: 4083756633103369422

3475 bjtr the Thaumaturge (level 10, 0/54 HPs)
             Began as a Gargoyle Fire Elementalist on Oct 2, 2022.
             Was a Follower of Vehumet.
             Slain by a two-headed ogre
             ... wielding a +0 giant club
              (12 damage)
             ... on level 9 of the Dungeon on Oct 3, 2022.
             The game lasted 00:48:55 (9640 turns).

bjtr the Thaumaturge (Gargoyle Fire Elementalist)   Turns: 9640, Time: 00:48:56

Health: 0/54       AC: 11    Str: 15    XL:     10   Next: 6%
Magic:  5/32       EV: 11    Int: 20    God:    Vehumet [*.....]
Gold:   534        SH:  4    Dex: 10    Spells: 9/27 levels left

rFire   + . .      SeeInvis +    a - +7 trident (venom)
rCold   + + .      Faith    .    z - +0 buckler
rNeg    + . .      Spirit   .    f - +0 leather armour
rPois   ∞          Reflect  .    (no helmet)
rElec   +          Harm     .    y - scarf {rC+ rF+}
rCorr   .          Rampage  .    (no gloves)
Will    .....                    e - +0 pair of boots
Stlth   ++........               (no amulet)
HPRegen 0.29/turn                u - ring of flight
MPRegen 0.23/turn                A - ring "Ocyleu" {rC+ MP+9 Str+3}

@: flying
A: sickness immunity, AC +7, negative energy resistance 1, electricity
resistance, torment resistance 1, petrification resistance, see invisible,
screaming 1
a: Renounce Religion


You were on level 9 of the Dungeon.
You worshipped Vehumet.
Vehumet was aware of your devotion.
You visited 2 branches of the dungeon, and saw 10 of its levels.

You collected 534 gold pieces.

Inventory:

Hand Weapons
 a - a +7 trident of venom (weapon)
 b - a +0 sling
 g - a +0 flail of freezing
 l - a +3 long sword
 q - a +0 falchion
 B - a +0 shortbow
 C - a +2 vorpal hand axe
 D - a +0 great sword
 E - a +4 falchion
 H - a +1 mace of holy wrath
 J - a +2 rapier of speed
Missiles
 h - 3 javelins
 j - 97 stones
 o - 8 poisoned darts
Armour
 e - a +0 pair of boots (worn)
 f - a +0 leather armour (worn)
 t - a +0 ring mail
 v - a +0 cloak
 w - a +0 kite shield
 y - a scarf of resistance (worn)
 z - a +0 buckler (worn)
Jewellery
 u - a ring of flight (left hand)
 A - the ring "Ocyleu" (right hand) {rC+ MP+9 Str+3}
   (You acquired it on level 8 of the Dungeon)

   [ring of magical power]

   Str:       It affects your strength (+3).
   rC:        It protects you from cold.
   MP:        It affects your magic capacity (+9).
 K - a +6 ring of strength
Wands
 n - a wand of polymorph (8)
 p - a wand of roots (14)
 G - a wand of quicksilver (4)
Scrolls
 c - 4 scrolls of immolation
 d - 3 scrolls of butterflies
 k - 2 scrolls of identify
 m - 4 scrolls of poison
Potions
 i - 2 potions of brilliance
 r - 2 potions of lignification {unknown}
 s - 3 potions of might
 x - 2 potions of flight
 F - a potion of heal wounds
Miscellaneous
 I - a piece from Xom's chessboard (15/15)


   Skills:
 + Level 2.7 Fighting
 + Level 3.2 Armour
 + Level 3.1 Dodging
 + Level 3.0 Stealth
 * Level 3.9 Shields
 * Level 9.1 Spellcasting
 + Level 2.0 Conjurations
 * Level 8.0 Fire Magic


You had 9 spell levels left.
You knew the following spells:

 Your Spells              Type           Power      Damage    Failure   Level
a - Foxfire               Conj/Fire      100%       2x1d9     1%          1
b - Scorch                Fire           82%        2d9       1%          2
c - Kindle Blastsparks    Fire/Tloc/Air  38%        2d13      12%         3
d - Flame Wave            Conj/Fire      29%        2d9       16%         4
e - Blink                 Tloc           18%        N/A       19%         2
f - Inner Flame           Hex/Fire       25%        N/A       7%          3
g - Portal Projectile     Hex/Tloc       18%        N/A       36%         3

Your spell library contained the following spells:

 Spells                   Type           Power      Damage    Failure   Level
 Sandblast                Erth           18%        2d7       12%         1
 Apportation              Tloc           18%        N/A       12%         1
 Necrotise                Necr           36%        1d5       12%         1
 Summon Small Mammal      Summ           36%        N/A       12%         1
 Momentum Strike          Conj/Tloc      26%        3d8       12%         2
 Frozen Ramparts          Ice            18%        1d3       36%         3
 Lesser Beckoning         Tloc           9%         N/A       36%         3
 Tukima's Dance           Hex            9%         N/A       36%         3
 Fireball                 Conj/Fire      14%        3d8       41%         5
 Animate Armour           Summ/Erth      18%        N/A       77%         4
 Cause Fear               Hex            4%         N/A       77%         4
 Ice Form                 Ice/Tmut       9%         N/A       77%         4
 Summon Ice Beast         Ice/Summ       9%         N/A       77%         4
 Starburst                Conj/Fire      14%        6d6       94%         6
 Blade Hands              Tmut           4%         N/A       98%         5
 Iron Shot                Conj/Erth      6%         9d2       100%        6
 Summon Cactus Giant      Summ           4%         N/A       100%        6
 Discord                  Hex            4%         N/A       100%        8


Dungeon Overview and Level Annotations

Branches:
Dungeon (9/15)             Temple (1/1) D:5            Lair (0/5) D:8
    Orc: D:9-12

Altars:
Ashenzari
Cheibriados
Dithmenos
Elyvilon
Fedhas
Gozag
Kikubaaqudgha
Makhleb
Nemelex Xobeh
Okawaru
Qazlal
Ru
Sif Muna
Trog
Uskayaw
Vehumet
Wu Jian
Xom
Zin

Shops:
D:5 :   D:6 =

Annotations:
D:9 2 transporters, Pooter's ghost, journeyman MiFi


Innate Abilities, Weirdness & Mutations

You are immune to sickness and miasma.
Your stone body is resilient. (AC +7)
You are immune to poison.
You resist negative energy. (rN+)
You are resistant to electric shocks. (rElec)
You are resistant to unholy torment.
You are immune to petrification.
You have supernaturally acute eyesight. (SInv)
You occasionally shout uncontrollably at your foes.


Message History

Flame seeps out of the two-headed ogre.
The two-headed ogre is lightly wounded.
The two-headed ogre is engulfed in blazing flames.
Flame seeps out of the two-headed ogre.
The foxfire hits the two-headed ogre but does no damage.
The two-headed ogre is lightly wounded.
The foxfire hits the two-headed ogre.
Flame seeps out of the two-headed ogre.
The two-headed ogre is moderately wounded.
The two-headed ogre is engulfed in blazing flames.
Flame seeps out of the two-headed ogre.
The foxfire hits the two-headed ogre.
Flame seeps out of the two-headed ogre.
The two-headed ogre is heavily wounded.
Casting: Foxfire (safe; 1% risk of failure)
Confirm with . or Enter, or press ? or * to list all spells.
You conjure some foxfire!
The two-headed ogre is engulfed in blazing flames.
Flame seeps out of the two-headed ogre.
The foxfire hits the two-headed ogre.
Flame seeps out of the two-headed ogre.
The two-headed ogre is severely wounded.
The foxfire hits the two-headed ogre.
Flame seeps out of the two-headed ogre.
The two-headed ogre is severely wounded.
The two-headed ogre is engulfed in blazing flames.
Flame seeps out of the two-headed ogre.
The two-headed ogre attacks as you move away!
The two-headed ogre hits you with a +0 giant club!
You block the two-headed ogre's attack.
The two-headed ogre attacks as you move away!
You block the two-headed ogre's attack.
The two-headed ogre hits you with a +0 giant club!
Casting: Foxfire (safe; 1% risk of failure)
Confirm with . or Enter, or press ? or * to list all spells.
You conjure some foxfire!
The foxfire hits the two-headed ogre but does no damage.
The two-headed ogre is almost dead.
Your foxfire dissipates!
The two-headed ogre attacks as you move away!
The two-headed ogre hits you with a +0 giant club!!
* * * LOW HITPOINT WARNING * * *
The two-headed ogre hits you with a +0 giant club!
You die...

#.........## .###
#.#.##..### .... ..#
#.## ...##..§ ....
#...#.### #####.
#.#..... ######.... .#
###.....######......# #
##..............<...###
...)#..#........@##...#
).....## ######O...#
.)###..## ##..##......
..####..#####..##
...... ####..........##
..... #.........##
##### #......<..#
#.........# #.........#


You could see a two-headed ogre (inner flame).

Vanquished Creatures
  A hornet (D:9)
  Sigmund (D:3)
  3 yaks (D:9)
  An acid dragon (D:9)
  Duvessa (D:7)
  5 black bears
  An orc warrior (D:7)
  2 ice beasts (D:5)
  An ogre (D:6)
  2 centaurs (D:8)
  2 phantoms (D:5)
  2 gnoll sergeants
  A bullfrog (D:9)
  2 scorpions (D:5)
  7 wights (D:7)
  Dowan (D:7)
  A howler monkey (D:9)
  3 hounds
  A jelly (D:6)
  2 orc priests (D:7)
  Terence (D:2)
  3 iguanas
  4 orc wizards
  10 gnolls
  5 adders
  A white imp (D:7)
  2 worms
  A dart slug (D:2)
  15 orcs
  6 bats
  4 endoplasms
  A giant cockroach (D:2)
  8 hobgoblins
  10 jackals
  2 quokkas
  7 ball pythons
  4 frilled lizards
  4 goblins
  9 kobolds
  5 rats
142 creatures vanquished.

Vanquished Creatures (others)
  197 foxfires
197 creatures vanquished.

Grand Total: 339 creatures vanquished

Notes
Turn   | Place    | Note
-------+----------+-------------------------------------------
     0 | D:1      | bjtr the Gargoyle Fire Elementalist began the quest for the
                  | Orb.
     0 | D:1      | Reached XP level 1. HP: 10/10 MP: 3/3
   657 | D:1      | Reached XP level 2. HP: 15/15 MP: 1/5
   668 | D:1      | Learned a level 2 spell: Scorch
  1239 | D:1      | Reached XP level 3. HP: 19/19 MP: 1/6
  1963 | D:2      | Found a faded altar of an unknown god.
  2077 | D:2      | Noticed Terence
  2111 | D:2      | Killed Terence
  2112 | D:2      | Reached skill level 1 in Armour
  2112 | D:2      | Reached XP level 4. HP: 19/24 MP: 0/8
  2689 | D:3      | Noticed Sigmund
  2747 | D:3      | Reached skill level 3 in Spellcasting
  2766 | D:3      | Gained mutation: Your mind is acute. (Int +4, Str/Dex -1)
                  | [potion of mutation]
  2766 | D:3      | Gained mutation: You are occasionally teleported next to
                  | monsters. [potion of mutation]
  2766 | D:3      | Gained mutation: Your muscles are strong. (Str +4, Int/Dex
                  | -1) [potion of mutation]
  2768 | D:3      | Reached XP level 5. HP: 9/28 MP: 0/10
  3075 | D:3      | Killed Sigmund
  3076 | D:3      | Reached skill level 1 in Fighting
  3076 | D:3      | Reached skill level 4 in Spellcasting
  3076 | D:3      | Reached XP level 6. HP: 13/34 MP: 5/12
  3165 | D:3      | Learned a level 3 spell: Kindle Blastsparks
  3170 | D:3      | Learned a level 4 spell: Flame Wave
  4283 | D:4      | Learned a level 2 spell: Blink
  4936 | D:5      | Entered Level 5 of the Dungeon
  4987 | D:5      | Noticed a black bear
  4997 | D:5      | Killed a black bear
  4998 | D:5      | Reached XP level 7. HP: 36/38 MP: 3/13
  5209 | D:5      | Reached skill level 5 in Fire Magic
  5222 | D:5      | Reached skill level 5 in Spellcasting
  5321 | D:5      | Reached XP level 8. HP: 11/44 MP: 0/16
  5689 | D:5      | Found a staircase to the Ecumenical Temple.
  5700 | D:5      | Found Nuod's Book Shop.
  5715 | Temple   | Entered the Ecumenical Temple
  5807 | Temple   | Became a worshipper of Vehumet
  5992 | D:5      | Found a bloodstained altar of Trog.
  6013 | D:5      | Reached skill level 6 in Spellcasting
  6219 | D:5      | Lost mutation: Your muscles are strong. (Str +4, Int/Dex
                  | -1) [potion of mutation]
  6219 | D:5      | Lost mutation: Your mind is acute. (Int +4, Str/Dex -1)
                  | [potion of mutation]
  6219 | D:5      | Lost mutation: You are occasionally teleported next to
                  | monsters. [potion of mutation]
  6219 | D:5      | Gained mutation: You have supernaturally acute eyesight.
                  | (SInv) [potion of mutation]
  6219 | D:5      | Gained mutation: You occasionally shout uncontrollably at
                  | your foes. [potion of mutation]
  6694 | D:6      | Found Hujeox's Jewellery Emporium.
  7037 | D:6      | Reached skill level 1 in Shields
  7037 | D:6      | Reached skill level 7 in Spellcasting
  7123 | D:6      | Reached XP level 9. HP: 48/48 MP: 14/19
  7135 | D:6      | Learned a level 3 spell: Inner Flame
  7139 | D:6      | Learned a level 3 spell: Portal Projectile
  7411 | D:7      | Found a stormy altar of Qazlal.
  7674 | D:7      | Reached * piety under Vehumet
  7674 | D:7      | Offered knowledge of Sandblast by Vehumet.
  7883 | D:7      | Found a glowing silver altar of Zin.
  8230 | D:7      | Noticed Duvessa
  8230 | D:7      | Noticed Dowan
  8240 | D:7      | Killed Duvessa
  8241 | D:7      | Killed Dowan
  8242 | D:7      | Reached skill level 8 in Spellcasting
  8452 | D:7      | Upgraded the game from 0.30-a0-172-gc5509c9e31 to
                  | 0.30-a0-177-g1cb5dbfd7a
  8579 | D:8      | Found an opulent altar of Gozag.
  8620 | D:8      | Found a hide-covered altar of Uskayaw.
  8925 | D:8      | Found a staircase to the Lair.
  8979 | D:8      | Identified a scroll of acquirement
  8979 | D:8      | Acquired the ring "Ocyleu" {rC+ MP+9 Str+3}
  9024 | D:9      | Found a transporter.
  9039 | D:9      | Noticed Pooter's ghost (journeyman MiFi)
  9049 | D:9      | Noticed a four-headed hydra
  9054 | D:9      | Found a transporter.
  9064 | D:9      | Noticed a hornet
  9141 | D:9      | Noticed a cyclops
  9168 | D:9      | Noticed a hornet
  9176 | D:9      | Found a sparkling altar of Nemelex Xobeh.
  9282 | D:9      | Found an ancient bone altar of Kikubaaqudgha.
  9399 | D:9      | Killed a hornet
  9623 | D:9      | Reached skill level 9 in Spellcasting
  9623 | D:9      | Reached XP level 10. HP: 54/54 MP: 9/23
  9626 | D:9      | Noticed a two-headed ogre
  9640 | D:9      | Slain by a two-headed ogre

Illustrated notes

Levels and vault maps discovered:
D:1:      dpeg_arrival_morbid_curiosity, layout_basic
D:2:      layout_loops_ring, basic_ecumenical_altar, minivault_23, uniq_terence
D:3:      layout_loops_corners, minmay_misc_feat_secret_circle,
          corexii_corridor_pit, cheibrodos_gnoll_hut, uniq_sigmund
D:4:      layout_basic, grunt_decor_resistance
D:5:      layout_basic, mainiacjoe_overflow_alcove_1,
          minmay_temple_entry_stoned_glass, serial_shops, shop, minivault_23,
          minivault_1, kennysheep_decorative_pillar
D:6:      layout_basic, serial_shops, kennysheep_mini_moat
D:7:      layout_loops_ring, nicolae_qazlal_general_emergency, zin_statuary,
          corexii_checkpoint_b, uniq_duvessa
D:8:      layout_rooms, mainiacjoe_overflow_six_doors_small,
          grunt_gozag_statues, lair_entry_dummy
D:9:      layout_rooms, nzn_hepliaklqana_mist_gate,
          amethyst_overflow_temple_binary, nzn_ghost_randoct, serial_glass,
          glass_columns_c, glass_columns_a
Temple:   minmay_temple_bridge_abc

Skill      XL: |  1  2  3  4  5  6  7  8  9 10 |
---------------+-------------------------------+-----
Armour         | 1 2 3 |  3.2
Spellcasting   | 3 4 5 7 9 |  9.1
Dodging        | 2 3 |  3.1
Fire Magic     | 4 5 6 7 8 |  8.0
Fighting       | 1 2 |  2.7
Shields        | 1 3 |  3.9
Stealth        | 3 |  3.0
Conjurations   | 2 |  2.0

Action                   |  1- 3 |  4- 6 |  7- 9 | 10-12 || total
-------------------------+-------+-------+-------+-------++-------
Melee: Unarmed           |    13 |       |       |       ||    13
       Short sword       |    25 |       |       |       ||    25
       Falchion          |     3 |    36 |       |       ||    39
       Flail             |       |    21 |    24 |       ||    45
       Trident           |       |       |    51 |       ||    51
 Cast: Foxfire           |    45 |     7 |    65 |     5 ||   122
       Scorch            |    14 |    22 |    70 |       ||   106
       Kindle Blastspark |       |     2 |     8 |       ||    10
       Inner Flame       |       |       |    23 |     1 ||    24
       Blink             |       |       |     1 |       ||     1
  Use: Potion            |     3 |     1 |     3 |       ||     7
       Scroll            |       |     6 |    12 |       ||    18
Armor: Robe              |     9 |       |       |       ||     9
       Leather armour    |    40 |    33 |    76 |       ||   149
Dodge: Dodged            |    70 |    64 |   114 |       ||   248
Block: Buckler           |       |       |    11 |     2 ||    13

Table legend: (Time is in decaauts)
 A = Elapsed time spent in this place.
 B = Non-inter-level travel time spent in this place.
 C = Inter-level travel time spent in this place.
 D = Time resting spent in this place.
 E = Time spent auto-exploring this place.
 F = Levels seen in this place.
 G = Mean time per level.
                   A        B        C        D        E       F      G
               +--------+--------+--------+--------+--------+-----+--------+
         Total |   9684 |   9297 |    387 |   2373 |   5231 |  10 |  968.4 |
       Dungeon |   9497 |   9120 |    377 |   2373 |   5069 |   9 | 1055.2 |
        Temple |    187 |    177 |     10 |      0 |    162 |   1 |  187.0 |
               +--------+--------+--------+--------+--------+-----+--------+

Top non-repeatable levels by time:
     D:1: 1493 daAuts
     D:3: 1368 daAuts
     D:5: 1309 daAuts
     D:4: 1174 daAuts
     D:2: 1044 daAuts
     D:7: 983 daAuts
     D:6: 944 daAuts
     D:9: 616 daAuts
     D:8: 562 daAuts
  Temple: 187 daAuts
